 Dungeon Crawl Stone Soup version 0.30-a0-49-g1cef19eb02 (webtiles) character file.

Game seed: 6119391420114710998

263 LnG the Chopper (level 6, -2/78 HPs)
             Began as a Hill Orc Fighter on Sept 2, 2022.
             Succumbed to a kobold's poison
             ... on level 4 of the Dungeon.
             The game lasted 00:12:23 (3038 turns).

LnG the Chopper (Hill Orc Fighter)                  Turns: 3038, Time: 00:12:24

Health: -2/78      AC: 23    Str: 21    XL:     6   Next: 19%
Magic:  5/15       EV:  2    Int:  8    God:
Gold:   314        SH:  4    Dex: 10    Spells: 5/5 levels left

rFire   + . .      SeeInvis .    a - +0 war axe
rCold   + . .      Faith    .    c - +0 buckler
rNeg    . . .      Spirit   +    (body armour currently unavailable)
rPois   +          Reflect  .    (helmet currently unavailable)
rElec   +          Harm     .    (cloak currently unavailable)
rCorr   +          Rampage  .    (gloves currently unavailable)
Will    .....      NoTele   +    (boots currently unavailable)
Stlth   +.........               n - amulet of guardian spirit
HPRegen 0.23/turn                i - ring of magical power
MPRegen 0.14/turn                l - ring of flight

@: brilliant, lethally poisoned (-2 -> -14), tree-form, resistant
A: stationary, stasis, torment immunity, boosted hp
a: no special abilities


You were on level 4 of the Dungeon.
You were a tree.
You visited 1 branch of the dungeon, and saw 4 of its levels.

You collected 874 gold pieces.
You spent 560 gold pieces at shops.

Inventory:

Hand Weapons
 a - a +0 war axe (weapon)
Armour
 b - a +0 scale mail (melded)
 c - a +0 buckler (worn)
Jewellery
 e - a +4 ring of evasion
 i - a ring of magical power (left branch)
 l - a ring of flight (right branch)
 n - an amulet of guardian spirit (around neck)
 q - a ring of positive energy
Scrolls
 h - 4 scrolls of immolation
 j - a scroll of vulnerability
 m - a scroll of teleportation
 r - a scroll of torment {unknown}
 s - a scroll of amnesia {unknown}
 t - a scroll of enchant weapon {unknown}
Potions
 d - 2 potions of might
 f - a potion of attraction


   Skills:
 + Level 4.3 Fighting
 + Level 5.3 Axes
 + Level 5.2 Armour
 + Level 0.4 Stealth
 + Level 4.1 Shields


You had 5 spell levels left.
You didn't know any spells.
Your spell library contained the following spells:

 Spells                   Type           Power      Damage    Failure   Level
 Summon Small Mammal      Summ           0%         N/A       50%         1
 Call Canine Familiar     Summ           0%         N/A       86%         3
 Summon Guardian Golem    Hex/Summ       0%         N/A       86%         3


Dungeon Overview and Level Annotations

Branches:
Dungeon (4/15)
 Temple: D:4-7

Altars:
Sif Muna
Yredelemnul

Shops:
D:3 :(==(   D:4 **

Annotations:
D:4 Pikel


Message History

* * * LOW HITPOINT WARNING * * *
You feel sick.
* * * LOW HITPOINT WARNING * * *
You feel sick.
* * * LOW HITPOINT WARNING * * *
You feel sick.
It was a potion of brilliance.
You feel clever all of a sudden.
* * * LOW HITPOINT WARNING * * *
You feel sick.
The kobold throws a poisoned dart.
The poisoned dart hits you!
You are more poisoned.
It was a potion of heal wounds.
You feel much better.
You feel very sick. The kobold attacks as you move away!
The kobold hits you with a +0 whip.
You feel very sick.
The kobold throws a poisoned dart.
You block the poisoned dart.
You see here a fuming yellow potion.
Found a scroll of identify.
You feel sick.
You feel sick.
An iguana comes into view.
You feel sick.
The iguana hisses angrily.
The kobold throws a poisoned dart.
The poisoned dart hits you!
You are lethally poisoned!
The kobold attacks as you move away! The kobold barely misses you.
* * * LOW HITPOINT WARNING * * *
You feel very sick.
The kobold throws a poisoned dart.
The poisoned dart hits you!
You are more poisoned.
* * * LOW HITPOINT WARNING * * *
You feel very sick.
It was a potion of resistance.
You feel protected.
* * * LOW HITPOINT WARNING * * *
You feel very sick. The kobold hits you but does no damage.
It was a potion of lignification.
You turn into a tree.
Your +0 scale mail melds into your body.
Your roots penetrate the ground.
You die...

#..........).+.....#
#..........###.....#
###......#.# #.....#
#.# ......# #.# ...
#.#########
#l........?#######
#♣.........#......
#K.........#......
#..........#.../..
#..........#......
##..########......
#...!.# #.........
#...#.###.........
#...#..##......###
#...##....K....#


You could see an iguana and a kobold (fast).

Vanquished Creatures
  An orc priest (D:3)
  3 orc wizards (D:4)
  7 adders
  A worm (D:3)
  2 dart slugs
  8 orcs
  9 endoplasms
  A giant cockroach (D:2)
  7 goblins
  7 hobgoblins
  6 jackals
  7 kobolds
  3 quokkas
  6 ball pythons
  5 bats
  2 frilled lizards
  5 rats
80 creatures vanquished.

Notes
Turn   | Place    | Note
-------+----------+-------------------------------------------
     0 | D:1      | LnG the Hill Orc Fighter began the quest for the Orb.
     0 | D:1      | Reached XP level 1. HP: 19/19 MP: 1/1
    75 | D:1      | Reached XP level 2. HP: 21/27 MP: 2/2
   464 | D:1      | Reached XP level 3. HP: 23/33 MP: 3/3
   868 | D:2      | Reached XP level 4. HP: 40/40 MP: 4/4
  1479 | D:3      | Found Luostrep's Weapon Emporium.
  1553 | D:3      | Found Puzenkur's Book Emporium.
  1678 | D:3      | Found a shimmering blue altar of Sif Muna.
  1765 | D:3      | Reached XP level 5. HP: 46/46 MP: 5/5
  1810 | D:3      | Found a basalt altar of Yredelemnul.
  2040 | D:3      | Found Wumehess's Antique Weapon Shop.
  2059 | D:3      | Found Bauzuaf's Jewellery Shop.
  2122 | D:3      | Found Wean's Jewellery Shoppe.
  2290 | D:4      | Found Emeickun's Assorted Antiques.
  2317 | D:4      | Bought a scroll of identify for 60 gold pieces
  2317 | D:4      | Identified a scroll of acquirement
  2318 | D:4      | Acquired 726 gold pieces
  2342 | D:4      | Reached skill level 5 in Axes
  2673 | D:3      | Bought an amulet of guardian spirit for 300 gold pieces
  2744 | D:3      | Bought a ring of positive energy for 200 gold pieces
  2779 | D:4      | Noticed a lemure
  2780 | D:4      | Noticed Pikel
  2988 | D:4      | Reached skill level 5 in Armour
  2988 | D:4      | Reached XP level 6. HP: 34/52 MP: 6/6
  3013 | D:4      | Found Haruonou's Gadget Gallery.
  3028 | D:4      | HP: 2/52 [poisoned by a kobold]
  3037 | D:4      | HP: 1/52 [poisoned by a kobold]
  3038 | D:4      | Succumbed to a kobold's poison

Illustrated notes

Levels and vault maps discovered:
D:1:      ncdulo_watergridlock, layout_rooms
D:2:      layout_rooms, serial_curves, eino_curves_03, eino_curves_04,
          eino_curves_04, eino_curves_01
D:3:      minmay_general_purpose_star, layout_basic, lemuel_round_altar,
          yredelemnul_altar_generic, serial_shops, nicolae_lakefront_shop,
          nicolae_shop_stone, shop, shop, nicolae_shop_statue_plus
D:4:      layout_basic, nemelex_dance_club_becter, serial_shops, shop_fountains,
          amcnicky_mini_rare_corridor_liquid, nicolae_shop_gadgets, uniq_pikel

Skill      XL: |  1  2  3  4  5 |
---------------+----------------+-----
Axes           | 3 4 5 |  5.3
Fighting       | 4 |  4.3
Armour         | 4 5 |  5.2
Shields        | 4 |  4.1
Stealth        | |  0.4

Action                   |  1- 3 |  4- 6 || total
-------------------------+-------+-------++-------
Melee: War axe           |    82 |   153 ||   235
  Use: Scroll            |     2 |     9 ||    11
       Potion            |       |     4 ||     4
Armor: Scale mail        |    31 |    65 ||    96
Dodge: Dodged            |    77 |    95 ||   172
Block: Buckler           |    18 |    18 ||    36

Table legend: (Time is in decaauts)
 A = Elapsed time spent in this place.
 B = Non-inter-level travel time spent in this place.
 C = Inter-level travel time spent in this place.
 D = Time resting spent in this place.
 E = Time spent auto-exploring this place.
 F = Levels seen in this place.
 G = Mean time per level.
                   A        B        C        D        E       F      G
               +--------+--------+--------+--------+--------+-----+--------+
         Total |   3115 |   2802 |    313 |    663 |   1231 |   4 |  778.8 |
       Dungeon |   3115 |   2802 |    313 |    663 |   1231 |   4 |  778.8 |
               +--------+--------+--------+--------+--------+-----+--------+

Top non-repeatable levels by time:
     D:3: 1281 daAuts
     D:1: 781 daAuts
     D:2: 743 daAuts
     D:4: 309 daAuts
